 Dungeon Crawl Stone Soup version 0.27-a0-1529-g1e82c303ef (webtiles) character file.

Game seed: 7227191817749161952

1878 garrulousMonolith the Tainter (level 9, 0/57 (58) HPs)
             Began as an Octopode Venom Mage on July 12, 2021.
             Was an Initiate of Gozag.
             Splashed by a jelly's acid (8 damage)
             ... on level 6 of the Dungeon.
             The game lasted 00:14:01 (9455 turns).

garrulousMonolith the Tainter (Octopode Venom Mage) Turns: 9455, Time: 00:14:02

HP:   0/57 (58)     AC: -11   Str:  8    XL:     9   Next: 14%
MP:   24/24         EV: 14    Int: 19    God:    Gozag
Gold: 568           SH:  5    Dex: 13    Spells: 2/17 levels left

rFire    + . .     SeeInvis .   s - +0 rapier
rCold    + . .     Faith    .   (no shield)
rNeg     . . .     Spirit   .   (helmet restricted)
rPois    .         Reflect  +   q - amulet of reflection
rElec    .         Harm     .   b - ring of protection from fire
rCorr    .         Rampage  .   r - ring of magical power
Will     .....                  i - ring of protection from cold
Stlth    ++++......             u - ring of flight
HPRegen  0.19/turn              (no ring)
MPRegen  0.19/turn              (no ring)
                                (no ring)
                                (no ring)

@: corroded, flying, lightly drained
A: almost no armour, amphibious, 8 rings, camouflage 1, gelatinous body 1,
(nimble swimmer 1), tentacles
a: Renounce Religion, Potion Petition, Call Merchant, Bribe Branch


You were on level 6 of the Dungeon.
You worshipped Gozag.
Gozag was pleased with you.
You visited 2 branches of the dungeon, and saw 7 of its levels.
You also visited: Sewer.

You collected 661 gold pieces.
You paid 93 gold pieces to Gozag.

Inventory:

Hand Weapons
 c - a +0 falchion
 h - a +0 dagger
 k - a +0 trident
 o - a +4 great sword
 s - a +0 rapier (weapon)
Missiles
 d - 30 poisoned darts
 l - 8 boomerangs (quivered)
Magical Staves
 g - a staff of earth
 x - a staff of cold
Jewellery
 b - a ring of protection from fire (left tentacle)
 i - a ring of protection from cold (on tentacle)
 q - an amulet of reflection (around mantle)
 r - a ring of magical power (right tentacle)
 u - a ring of flight (on tentacle)
 v - an amulet of guardian spirit
 A - a ring of fire
Wands
 a - a wand of polymorph (2)
Scrolls
 e - 2 scrolls of teleportation
 j - a scroll of identify
 m - a scroll of enchant armour
 y - a scroll of enchant weapon {unknown}
 C - a scroll of immolation {unknown}
Potions
 f - a potion of might
 n - 2 potions of attraction
 p - a potion of curing {unknown}
 t - a potion of mutation {unknown}
 w - a potion of cancellation {unknown}
 z - a potion of lignification {unknown}
 B - a potion of haste


   Skills:
 + Level 4.2 Fighting
 + Level 4.8 Dodging
 + Level 7.0 Stealth
 + Level 4.5 Spellcasting
 - Level 1.0 Transmutations
 - Level 3.0 Air Magic
 * Level 8.5 Poison Magic


You had 2 spell levels left.
You knew the following spells:

 Your Spells              Type           Power      Damage    Failure   Level
a - Sting                 Tmut/Pois      88%        1d7       1%          1
b - Poisonous Vapours     Pois/Air       52%        N/A       1%          2
c - Spider Form           Tmut/Pois      11%        N/A       5%          3
d - Olgreb's Toxic Radia  Pois           36%        N/A       3%          4
e - Ensorcelled Hibernat  Hex/Ice        8%         N/A       21%         2
f - Mephitic Cloud        Conj/Pois/Air  18%        N/A       9%          3

Your spell library contained the following spells:

 Spells                   Type           Power      Damage    Failure   Level
 Beastly Appendage        Tmut           16%        N/A       9%          1
 Corona                   Hex            4%         N/A       13%         1
 Wereblood                Tmut           8%         N/A       13%         2
 Ozocubu's Armour         Ice            4%         N/A       36%         3
 Tukima's Dance           Hex            4%         N/A       36%         3
 Iskenderun's Battlesphe  Conj           4%         2d6       98%         5
 Metabolic Englaciation   Hex/Ice        2%         N/A       98%         5
 Iron Shot                Conj/Erth      2%         9d2       100%        6
 Simulacrum               Ice/Necr       2%         N/A       100%        6
 Ozocubu's Refrigeration  Ice            2%         4d5       100%        7
 Spellforged Servitor     Conj/Summ      2%         N/A       100%        7


Dungeon Overview and Level Annotations

Branches:
Dungeon (6/15)             Temple (1/1) D:5           Sewer (visited)

Altars:
Cheibriados
Dithmenos
Elyvilon
Gozag
Hepliaklqana
Kikubaaqudgha
Makhleb
Qazlal
Sif Muna
Trog
Uskayaw
Vehumet
Xom
Zin

Shops:
D:1 *


Innate Abilities, Weirdness & Mutations

You cannot wear most types of armour.
You are amphibious.
You can wear up to eight rings at the same time.
Your skin changes colour to match your surroundings (Stealth+).
Your rubbery body absorbs attacks. (AC +1, EV +1)
((You are camouflaged near water. (Stealth+)))
You have tentacles for arms and can constrict up to eight enemies at once.


Message History

You can't see any susceptible monsters within range! (Use Z to cast anyway.)
Casting: Spider Form (dangerous; 5% risk of failure)
Confirm with . or Enter, or press ? or * to list all spells.
You can't see any susceptible monsters within range! (Use Z to cast anyway.)
Casting: Spider Form (dangerous; 5% risk of failure)
Confirm with . or Enter, or press ? or * to list all spells.
You can't see any susceptible monsters within range! (Use Z to cast anyway.)
Casting: Spider Form (dangerous; 5% risk of failure)
Confirm with . or Enter, or press ? or * to list all spells.
Aiming: Sting (safe; 1% risk of failure)
Press: ? - help, Shift-Dir - straight line, f - jelly
Aim: a jelly (asleep, 100% to hit)
The sting hits the jelly.
The jelly is poisoned.
The jelly is lightly wounded.
The jelly quivers.
Casting: Sting (safe; 1% risk of failure)
Confirm with . or Enter, or press ? or * to list all spells.
You can't see any susceptible monsters within range! (Use Z to cast anyway.)
An adder comes into view.
The jelly hits you. The acid corrodes you!
You are splashed with acid!
Found 11 gold pieces.
Things that are here:
10 gold pieces; a scroll of identify You barely miss the jelly.
The jelly is lightly wounded.
The jelly hits you.
You are splashed with acid!
You are too injured to fight recklessly!
You are too injured to fight recklessly!
You hit the jelly.
Your tentacles burn!
The jelly is moderately wounded.
The jelly hits you. The acid corrodes you!
You are splashed with acid!
You hit the jelly.
Your tentacles burn!
The jelly is severely wounded.
The jelly hits you. The acid corrodes you!
You are splashed with acid!
* * * LOW HITPOINT WARNING * * *
The jelly hits you.
* * * LOW HITPOINT WARNING * * *
You are splashed with acid!
You die...
Your body crumbles into a pile of gold.

#>..........'...
#.#.#.#.....####
####.#.#.......#
#..............#
#.##.#.###.....#
#....#........##
######....##########
..........#
######@#.#
#..S...J.#
#.####.#.# #.#...
#.###.# #+# .# # $


You could see a jelly (poisoned) and an adder (asleep).

Vanquished Creatures
  A shadow (D:5)
  Eustachio (D:5)
  A water moccasin (Sewer)
  2 sky beasts (D:5)
  3 necrophages
  A black bear (D:5)
  A phantom (D:5)
  A water moccasin zombie (D:5)
  2 water moccasin skeletons (D:4)
  4 wights
  A bullfrog zombie (D:5)
  2 hounds
  A human zombie (D:5)
  2 orc priests (D:6)
  A jelly (D:5)
  Ijyb (D:3)
  2 iguanas
  2 hound zombies (D:5)
  A hound skeleton (D:4)
  3 mummies (D:5)
  A howler monkey zombie (D:5)
  A gnoll (D:3)
  3 adders
  A river rat (D:5)
  An adder skeleton (D:5)
  2 worms
  5 dart slugs
  11 orcs
  8 ball pythons
  11 bats
  7 endoplasms
  5 giant cockroaches
  5 goblins
  8 hobgoblins
  10 jackals
  6 kobolds
  5 quokkas
  4 frilled lizards
  8 rats
135 creatures vanquished.

Notes
Turn   | Place    | Note
-------+----------+-------------------------------------------
     0 | D:1      | garrulousMonolith the Octopode Venom Mage began the quest
                  | for the Orb.
     0 | D:1      | Reached XP level 1. HP: 11/11 MP: 3/3
   333 | D:1      | Reached XP level 2. HP: 9/17 MP: 1/5
   732 | D:1      | Reached skill level 4 in Poison Magic
   942 | D:1      | Found Oneutsesk's General Store.
  1083 | D:1      | Reached XP level 3. HP: 22/22 MP: 3/6
  1086 | D:1      | Learned a level 2 spell: Poisonous Vapours
  1143 | D:1      | Found a faded altar of an unknown god.
  1680 | D:2      | Reached skill level 1 in Fighting
  2282 | D:2      | Reached XP level 4. HP: 28/28 MP: 0/7
  2287 | D:2      | Learned a level 3 spell: Mephitic Cloud
  4078 | D:3      | Noticed Ijyb
  4087 | D:3      | Paralysed by Ijyb for 7 turns
  4097 | D:3      | Killed Ijyb
  4097 | D:3      | HP: 1/28 [giant cockroach (2)]
  4098 | D:3      | Reached skill level 1 in Air Magic
  4098 | D:3      | Reached XP level 5. HP: 1/33 MP: 3/8
  5340 | D:4      | Reached skill level 5 in Poison Magic
  5612 | D:3      | Reached XP level 6. HP: 30/39 MP: 5/10
  6020 | D:4      | Found a hide-covered altar of Uskayaw.
  6712 | D:4      | Reached XP level 7. HP: 36/45 MP: 9/11
  6798 | D:5      | Entered Level 5 of the Dungeon
  6804 | D:5      | Reached skill level 6 in Poison Magic
  6837 | D:5      | Noticed Eustachio
  6852 | D:5      | Killed Eustachio
  6853 | D:5      | Reached skill level 5 in Stealth
  6864 | D:5      | Found a staircase to the Ecumenical Temple.
  6873 | Temple   | Entered the Ecumenical Temple
  7003 | Temple   | Became a worshipper of Gozag Ym Sagoz the Greedy
  7113 | D:5      | Reached XP level 8. HP: 21/51 MP: 10/13
  7213 | D:5      | Found a glowing drain.
  7219 | Sewer    | Entered a sewer
  7435 | Sewer    | Learned a level 4 spell: Olgreb's Toxic Radiance
  7444 | Sewer    | Reached skill level 7 in Poison Magic
  7894 | D:5      | Noticed a shadow
  7905 | D:5      | Killed a shadow
  8603 | D:5      | Found an ancient bone altar of Kikubaaqudgha.
  8686 | D:5      | Reached skill level 8 in Poison Magic
  8728 | D:5      | Reached XP level 9. HP: 53/58 MP: 15/15
  8731 | D:5      | Learned a level 2 spell: Ensorcelled Hibernation
  9264 | D:6      | Learned a level 3 spell: Spider Form
  9455 | D:6      | Splashed by a jelly's acid

Illustrated notes

Levels and vault maps discovered:
D:1:      nicolae_arrival_washed_ashore, layout_loops_cross, serial_shops,
          nicolae_shop_behind_doors, dreamdust_ecumenical_altar_statues,
          serial_glass, glass_columns_a, glass_columns_c, skrybe_limestone_x,
          minmay_misc_feat_square
D:2:      layout_loops_corners
D:3:      layout_loops_ring, kennysheep_generic_room_6, uniq_ijyb
D:4:      layout_rooms, old_standard_altar
D:5:      layout_rooms, lemuel_mausoleum_altar_kikubaaqudgha,
          minmay_temple_entry_sparse_star, portal_sewer_entry_e, kennysheep_nub,
          uniq_eustachio
D:6:      layout_basic
Temple:   regret_index_temple_sphere_string

Skill      XL: |  1  2  3  4  5  6  7  8  9 |
---------------+----------------------------+-----
Stealth        | 3 4 5 6 7 |  7.0
Poison Magic   | 4 5 6 8 |  8.5
Fighting       | 1 2 4 |  4.2
Air Magic      | 1 2 3 |  3.0
Dodging        | 3 4 |  4.8
Spellcasting   | 3 4 |  4.5
Transmutations | |  1.0

Action                   |  1- 3 |  4- 6 |  7- 9 || total
-------------------------+-------+-------+-------++-------
Melee: Falchion          |    13 |       |       ||    13
       Constrict         |     7 |    23 |    26 ||    56
       Tentacles         |     2 |    15 |    20 ||    37
       Staff             |    16 |    12 |       ||    28
       Trident           |       |    53 |    18 ||    71
       Dagger            |       |     6 |       ||     6
       Great sword       |       |     3 |    34 ||    37
       Rapier            |       |       |    58 ||    58
       Unarmed           |       |       |    21 ||    21
Throw: Dart              |       |     3 |       ||     3
       Boomerang         |       |     2 |     1 ||     3
 Cast: Sting             |    54 |    28 |    13 ||    95
       Poisonous Vapours |     9 |    55 |    38 ||   102
       Olgreb's Toxic Ra |       |       |     1 ||     1
       Spider Form       |       |       |     3 ||     3
Evoke: Wand              |       |     3 |       ||     3
  Use: Scroll            |     1 |     3 |     3 ||     7
       Potion            |       |       |     1 ||     1
 Stab: Paralysed         |       |     5 |       ||     5
       Sleeping          |       |       |    11 ||    11
Armor: Skin              |     4 |     4 |     7 ||    15
Dodge: Dodged            |    31 |    53 |    78 ||   162
Block: Other             |       |       |    33 ||    33
       Rpst.: Falchion   |     5 |       |       ||     5
       Great sword       |       |       |    12 ||    12

Table legend: (Time is in decaauts)
 A = Elapsed time spent in this place.
 B = Non-inter-level travel time spent in this place.
 C = Inter-level travel time spent in this place.
 D = Time resting spent in this place.
 E = Time spent auto-exploring this place.
 F = Levels seen in this place.
 G = Mean time per level.
                   A        B        C        D        E       F      G
               +--------+--------+--------+--------+--------+-----+--------+
         Total |   9530 |   9391 |    139 |   3016 |   4908 |   8 | 1191.2 |
       Dungeon |   9034 |   8905 |    129 |   2857 |   4726 |   6 | 1505.7 |
        Temple |    140 |    130 |     10 |      0 |     79 |   1 |  140.0 |
         Sewer |    355 |    355 |      0 |    159 |    103 |   1 |  355.0 |
               +--------+--------+--------+--------+--------+-----+--------+

Top non-repeatable levels by time:
     D:3: 2464 daAuts
     D:2: 1698 daAuts
     D:5: 1543 daAuts
     D:1: 1483 daAuts
     D:4: 1179 daAuts
     D:6: 665 daAuts
   Sewer: 355 daAuts
  Temple: 140 daAuts
